 Dungeon Crawl Stone Soup version 0.29.0-7-g18a832c13a (webtiles) character file.

Game seed: 7083492916783577208

120 ImASeal the Covert (level 5, -4/34 HPs)
             Began as an Octopode Brigand on Aug 31, 2022.
             Slain by an orc
             ... wielding a +0 club
              (5 damage)
             ... on level 3 of the Dungeon.
             The game lasted 00:05:59 (2950 turns).

ImASeal the Covert (Octopode Brigand)               Turns: 2950, Time: 00:06:00

Health: -4/34      AC:  1    Str: 11    XL:     5   Next: 4%
Magic:  5/5        EV: 12    Int: 13    God:
Gold:   105        SH:  0    Dex: 15    Spells: 4/4 levels left

rFire   . . .      SeeInvis .   a - +2 dagger
rCold   . . .      Faith    .   (no shield)
rNeg    . . .      Spirit   .   (helmet restricted)
rPois   .          Reflect  .   (no amulet)
rElec   .          Harm     .   (no ring)
rCorr   .          Rampage  .   (no ring)
Will    .....                   (no ring)
Stlth   +++++.....              (no ring)
HPRegen 0.11/turn               (no ring)
MPRegen 0.09/turn               (no ring)
                                (no ring)
                                (no ring)

@: no status effects
A: almost no armour, amphibious, 8 rings, camouflage 1, gelatinous body 1,
(nimble swimmer 1), tentacles
a: no special abilities


You were on level 3 of the Dungeon.
You visited 1 branch of the dungeon, and saw 3 of its levels.

You collected 105 gold pieces.

Inventory:

Hand Weapons
 a - a +2 dagger (weapon)
Missiles
 c - 3 curare-tipped darts (quivered)
 h - 2 atropa-tipped darts
Scrolls
 d - 2 scrolls of identify {unknown}
 e - a scroll of fog {unknown}
 g - 2 scrolls of teleportation
 l - a scroll of blinking {unknown}
Potions
 f - 3 potions of flight {unknown}
 i - a potion of resistance {unknown}
 j - a potion of brilliance {unknown}
 k - a potion of haste {unknown}
 m - a potion of lignification {unknown}
 n - a potion of might {unknown}


   Skills:
 - Level 2.0 Fighting
 - Level 2.0 Short Blades
 + Level 2.4 Throwing
 - Level 1.0 Dodging
 + Level 8.3 Stealth


You had 4 spell levels left.
You didn't know any spells.
Your spell library contained the following spells:

 Spells                   Type           Power      Damage    Failure   Level
 Ensorcelled Hibernation  Hex/Ice        0%         N/A       43%         2
 Passwall                 Tmut/Erth      0%         N/A       43%         2
 Portal Projectile        Hex/Tloc       0%         N/A       67%         3
 Swiftness                Air            0%         N/A       67%         3
 Tukima's Dance           Hex            0%         N/A       67%         3
 Blade Hands              Tmut           0%         N/A       100%        5


Dungeon Overview and Level Annotations

Branches:
Dungeon (3/15)

Altars:

Shops:
D:1 (


Innate Abilities, Weirdness & Mutations

You cannot wear most types of armour.
You are amphibious.
You can wear up to eight rings at the same time.
Your skin changes colour to match your surroundings (Stealth+).
Your rubbery body absorbs attacks. (AC +1, EV +1)
((You are camouflaged when in or above water. (Stealth+)))
You have tentacles for arms and can constrict up to eight enemies at once.


Message History

The poisoned dart completely misses the bat.
The poisoned dart hits the orc priest!
The orc priest is poisoned.
The bat barely misses you.
You throw a poisoned dart.
The poisoned dart completely misses the bat.
The bat hits you but does no damage.
You throw a poisoned dart. The poisoned dart hits the bat.
The bat is poisoned.
The bat misses you. The orc priest hits you with a +0 club.
You hit the orc priest. Your grab misses the orc priest.
The orc priest is heavily wounded.
The bat closely misses you. The orc hits you with a +0 club.
The orc priest hits you with a +0 club.
You barely miss the orc priest. Your grab misses the orc priest.
Your squeeze misses the orc priest.
The orc priest is severely wounded.
The bat hits you. x2; The orc misses you.
The orc priest invokes the aid of Beogh against you.
Beogh smites you! The ball python bites you.
* * * LOW HITPOINT WARNING * * *
The ball python grabs you. The ball python constricts you.
* * * LOW HITPOINT WARNING * * *
You hit the orc priest.
You kill the orc priest!
The bat hits you.
* * * LOW HITPOINT WARNING * * *
The bat closely misses you. The ball python bites you.
* * * LOW HITPOINT WARNING * * *
The ball python constricts you.
* * * LOW HITPOINT WARNING * * *
The orc hits you with a +0 club.
* * * LOW HITPOINT WARNING * * *
Your Stealth skill increases to level 8!
You have reached level 5!
You feel stronger.
You escape the ball python's grasp.
The quokka attacks as you move away! The quokka barely misses you.
You kill the bat!
The orc attacks as you move away! The orc hits you with a +0 club.
You die...

#. ######.#########
...............#
.....#.........#
.....#.........###
...........#.....
###........#.##.######
#......<...#....#....###
#.#...†@...............#
#.#...orS..#..#...##.#.#
.#.....).).(#..#.####.#.#
............).#......##.#.#
............>(#..#.####.#.#
##............(..b<####.#.#
#...###.#.......S.........
..........#......#####..#.#
...#.#.#..#......###.......


You could see an orc, a quokka and a ball python.

Vanquished Creatures
  An orc priest (D:3)
  An adder (D:2)
  2 gnolls (D:3)
  An orc (D:3)
  7 endoplasms
  6 giant cockroaches
  6 goblins
  3 hobgoblins
  7 jackals (D:2)
  A quokka (D:1)
  2 ball pythons
  7 bats
  6 frilled lizards
  3 kobolds (D:1)
  5 rats
58 creatures vanquished.

Notes
Turn   | Place    | Note
-------+----------+-------------------------------------------
     0 | D:1      | ImASeal the Octopode Brigand began the quest for the Orb.
     0 | D:1      | Reached XP level 1. HP: 14/14 MP: 1/1
    83 | D:1      | Found Vast's Weapon Shoppe.
   235 | D:1      | Reached XP level 2. HP: 16/19 MP: 2/2
   267 | D:1      | Reached skill level 6 in Stealth
   412 | D:1      | Found a faded altar of an unknown god.
   841 | D:1      | Reached XP level 3. HP: 24/24 MP: 3/3
  1316 | D:2      | Reached skill level 7 in Stealth
  1478 | D:2      | Identified the +4 hand axe "Jellybane" {vorpal, rN+ Will+
                  | Str+2 Int-4}
  1609 | D:2      | Reached XP level 4. HP: 28/29 MP: 4/4
  2948 | D:3      | HP: 1/29 [orc/+0 club (2)]
  2949 | D:3      | Reached skill level 8 in Stealth
  2949 | D:3      | Reached XP level 5. HP: 1/34 MP: 5/5
  2950 | D:3      | Slain by an orc

Illustrated notes

Levels and vault maps discovered:
D:1:      spicycebolla_arrival_clurvy, layout_basic, serial_aquarium,
          aquarium_bridge_square [aquarium_subvault_wall,
          aquarium_subvault_bridge, aquarium_subvault_wall,
          aquarium_subvault_bridge], aquarium_bridge_straight
          [aquarium_subvault_bridge, aquarium_subvault_wall,
          aquarium_subvault_bridge, aquarium_subvault_wall],
          aquarium_window_double, aquarium_window_1, aquarium_view_2c,
          aquarium_view_2a, aquarium_pool_four, serial_shops,
          nicolae_shop_competitors_out_of_business,
          hellmonk_ecumenical_altar_zigzags
D:2:      layout_loops_corners, chequers_hall_statues_corner_a
D:3:      layout_basic, evilmike_ruin_ashenzari, okawaru_altar_gauntlet_db,
          uniq_jessica

Skill      XL: |  1  2  3  4 |
---------------+-------------+-----
Stealth        | 6 7 8 |  8.3
Fighting       | |  2.0
Short Blades   | |  2.0
Throwing       | |  2.4
Dodging        | |  1.0

Action                   |  1- 3 |  4- 6 || total
-------------------------+-------+-------++-------
Melee: Dagger            |    77 |    24 ||   101
       Constrict         |    15 |     5 ||    20
       Tentacles         |    12 |    10 ||    22
Throw: Dart              |       |    12 ||    12
  Use: Scroll            |     1 |       ||     1
 Stab: Sleeping          |    11 |     2 ||    13
       Distracted        |       |     1 ||     1
Armor: Skin              |     7 |     6 ||    13
Dodge: Dodged            |    41 |    30 ||    71
